EL
COLUMBIA FIREFLIES @ ALTOONA CURVE
08/07/2049
 
TOP OF THE 1ST
Columbia Fireflies batting - Pitching for Altoona Curve : LHP Ben Buerck
Pitching: LHP Ben Buerck
Batting: SHB Detlef Oursler 0-0: Called Strike
0-1: Fly out, F8 (Flyball, 8RM, EV 75.6 MPH)
Batting: RHB Reginald McDougall 0-0: Ball
1-0: Fly out, F9 (Line Drive, 89M, EV 92.5 MPH)
Batting: RHB Masaya Nakamura 0-0: Called Strike
0-1: Ball
1-1: Called Strike
1-2: Ball
2-2: Strikes out swinging
Top of the 1st over - 0 runs, 0 hits, 0 errors, 0 left on base; Columbia 0 - Altoona 0
BOTTOM OF THE 1ST
Altoona Curve batting - Pitching for Columbia Fireflies : RHP Antonio Perez
Pitching: RHP Antonio Perez
Batting: RHB Melvin Durland 0-0: Called Strike
0-1: Foul Ball, location: 2F
0-2: Ball
1-2: Ball
2-2: Strikes out swinging
Batting: RHB Alex Arzate 0-0: Called Strike
0-1: Ground out 4-3 (Groundball, 4, EV 78.8 MPH)
Batting: LHB Josh Aerni 0-0: Called Strike
0-1: Ball
1-1: Foul Ball, location: 2F
1-2: Foul Ball, location: 2F
1-2: Hit by Pitch
Batting: RHB Brandon White 0-0: Ball
1-0: Swinging Strike
1-1: Ball
2-1: Foul Ball, location: 2F
2-2: Ball
3-2: Strikes out looking
Bottom of the 1st over - 0 runs, 0 hits, 0 errors, 1 left on base; Columbia 0 - Altoona 0
TOP OF THE 2ND
Columbia Fireflies batting - Pitching for Altoona Curve : LHP Ben Buerck
Batting: LHB Bayesa Mundhir 0-0: Called Strike
0-1: Ball
1-1: Foul Ball, location: 2F
1-2: DOUBLE (Groundball, 3L, EV 94.4 MPH)
Batting: SHB Jerry Burrows 0-0: Foul Ball, location: 2F
0-1: Ground out 4-3 (Groundball, 4, EV 105.0 MPH)
Bayesa Mundhir to third
Batting: LHB Miguel Ramos 0-0: Ball
1-0: Fly out, F9 (Flyball, 9S, EV 97.5 MPH)
Batting: RHB Gary Hills 0-0: Called Strike
0-1: Foul Ball, location: 2F
0-2: SINGLE (Groundball, 6D, EV 98.8 MPH)
Bayesa Mundhir scores
Batting: LHB Dan Bremseth 0-0: Ball
1-0: Fly out, F8 (Flyball, 8RM, EV 80.6 MPH)
Top of the 2nd over - 1 run, 2 hits, 0 errors, 1 left on base; Columbia 1 - Altoona 0
BOTTOM OF THE 2ND
Altoona Curve batting - Pitching for Columbia Fireflies : RHP Antonio Perez
Batting: LHB Joe Wise 0-0: Called Strike
0-1: Ball
1-1: Ball
2-1: Ball
3-1: Swinging Strike
3-2: Base on Balls
Batting: RHB Jeff Edwards 0-0: Foul Ball, location: 2F
0-1: Grounds into double play, 4-6-3 (Groundball, 34, EV 88.1 MPH)
Batting: RHB Tim Moore 0-0: Called Strike
0-1: Foul Ball, location: 2F
0-2: Strikes out swinging
Bottom of the 2nd over - 0 runs, 0 hits, 0 errors, 0 left on base; Columbia 1 - Altoona 0
TOP OF THE 3RD
Columbia Fireflies batting - Pitching for Altoona Curve : LHP Ben Buerck
Batting: RHB David Reyna 0-0: Swinging Strike
0-1: Called Strike
0-2: Strikes out looking
Batting: SHB Detlef Oursler 0-0: Ground out 4-3 (Groundball, 4, EV 86.9 MPH)
Batting: RHB Reginald McDougall 0-0: Ball
1-0: Ball
2-0: Ball
3-0: Called Strike
3-1: SINGLE (Groundball, 56D, EV 103.1 MPH)
Batting: RHB Masaya Nakamura 0-0: Called Strike
Reginald McDougall steals 2nd base
0-1: Ground out 3-1 (Groundball, 34, EV 107.5 MPH)
Top of the 3rd over - 0 runs, 1 hit, 0 errors, 1 left on base; Columbia 1 - Altoona 0
BOTTOM OF THE 3RD
Altoona Curve batting - Pitching for Columbia Fireflies : RHP Antonio Perez
Batting: SHB Ronnie Brooks 0-0: Called Strike
0-1: Foul Ball, location: 2F
0-2: Ball
1-2: Ball
2-2: SINGLE (Line Drive, 7S, EV 91.9 MPH)
Batting: RHB Terrence Wilson 0-0: Swinging Strike
0-1: Hit by Pitch
Ronnie Brooks to second
Batting: RHB Melvin Durland 0-0: Fly out, F9 (Flyball, 9S, EV 80.0 MPH)
Batting: RHB Alex Arzate 0-0: Ball
1-0: Ball
2-0: Foul Ball, location: 2F
2-1: Foul Ball, location: 2F
2-2: Ball
3-2: Fly out, F8 (Flyball, 8RD, EV 99.4 MPH)
Batting: LHB Josh Aerni 0-0: Ball
1-0: Ball
2-0: Called Strike
2-1: DOUBLE (Groundball, 5L, EV 107.5 MPH)
Ronnie Brooks scores
Terrence Wilson to third
Batting: RHB Brandon White 0-0: Ball
1-0: SINGLE (Groundball, 25, EV 63.1 MPH) (infield hit)
Terrence Wilson scores
Josh Aerni to third
Batting: LHB Joe Wise 0-0: Ball
1-0: DOUBLE (Line Drive, 9LS, EV 110.6 MPH)
Josh Aerni scores
Brandon White to third
Batting: RHB Jeff Edwards 0-0: Ball
1-0: Called Strike
1-1: Ball
2-1: SINGLE (Line Drive, 4MD, EV 97.5 MPH)
Brandon White scores
Joe Wise to third
Runner from 3rd tries for Home, SAFE, throw by CF to home
Jeff Edwards to second
Batting: RHB Tim Moore 0-0: Ball
1-0: DOUBLE (Groundball, 5L, EV 107.5 MPH)
Jeff Edwards scores
Pitching: RHP Mike Mojica
Batting: SHB Ronnie Brooks 0-0: Ball
1-0: Ground out 6-3 (Groundball, 6, EV 77.5 MPH)
Bottom of the 3rd over - 6 runs, 6 hits, 0 errors, 1 left on base; Columbia 1 - Altoona 6
TOP OF THE 4TH
Columbia Fireflies batting - Pitching for Altoona Curve : LHP Ben Buerck
Batting: LHB Bayesa Mundhir 0-0: Ball
1-0: Fly out, F9 (Flyball, 89S, EV 80.6 MPH)
Batting: SHB Jerry Burrows 0-0: Called Strike
0-1: Ball
1-1: Ball
2-1: Foul Ball, location: 2F
2-2: Ball
3-2: Foul Ball, location: 2F
3-2: Base on Balls
Batting: LHB Miguel Ramos 0-0: Ball
1-0: Ball
2-0: Called Strike
2-1: Swinging Strike
2-2: Ball
3-2: Foul Ball, location: 2F
3-2: Strikes out swinging
Batting: RHB Gary Hills 0-0: Ground out 5-3 (Groundball, 56S, EV 70.6 MPH)
Top of the 4th over - 0 runs, 0 hits, 0 errors, 1 left on base; Columbia 1 - Altoona 6
BOTTOM OF THE 4TH
Altoona Curve batting - Pitching for Columbia Fireflies : RHP Mike Mojica
Batting: RHB Terrence Wilson 0-0: Fly out, F8 (Flyball, 8RS, EV 74.4 MPH)
Batting: RHB Melvin Durland 0-0: Fly out, F9 (Flyball, 89S, EV 82.5 MPH)
Batting: RHB Alex Arzate 0-0: Ball
1-0: Ground out 6-3 (Groundball, 6, EV 100.6 MPH)
Bottom of the 4th over - 0 runs, 0 hits, 0 errors, 0 left on base; Columbia 1 - Altoona 6
TOP OF THE 5TH
Columbia Fireflies batting - Pitching for Altoona Curve : LHP Ben Buerck
Batting: LHB Dan Bremseth 0-0: Foul Ball, location: 2F
0-1: Ball
1-1: Foul Ball, location: 2F
1-2: Foul Ball, location: 2F
1-2: Fly out, F7 (Line Drive, 78M, EV 91.2 MPH)
Batting: RHB David Reyna 0-0: Called Strike
0-1: Ball
1-1: Ball
2-1: Fly out, F6 (Popup, 6S, EV 81.2 MPH)
Batting: SHB Detlef Oursler 0-0: Ball
1-0: Ball
2-0: Foul Ball, location: 2F
2-1: Called Strike
2-2: Ball
3-2: Strikes out swinging
Top of the 5th over - 0 runs, 0 hits, 0 errors, 0 left on base; Columbia 1 - Altoona 6
BOTTOM OF THE 5TH
Altoona Curve batting - Pitching for Columbia Fireflies : RHP Mike Mojica
Batting: LHB Josh Aerni 0-0: Ball
1-0: Ball
2-0: Swinging Strike
2-1: Foul Ball, location: 2F
2-2: Strikes out looking
Batting: RHB Brandon White 0-0: Called Strike
0-1: SINGLE (Line Drive, 8RS, EV 87.5 MPH)
Batting: LHB Joe Wise 0-0: Called Strike
0-1: Fly out, F8 (Flyball, 8LM, EV 84.4 MPH)
Batting: RHB Jeff Edwards 0-0: Ball
1-0: Called Strike
1-1: Ball
2-1: Ground out 4-3 (Groundball, 34, EV 87.5 MPH)
Bottom of the 5th over - 0 runs, 1 hit, 0 errors, 1 left on base; Columbia 1 - Altoona 6
TOP OF THE 6TH
Columbia Fireflies batting - Pitching for Altoona Curve : LHP Ben Buerck
Batting: RHB Reginald McDougall 0-0: Swinging Strike
0-1: Foul Ball, location: 2F
0-2: Foul Ball, location: 2F
0-2: Ground out 4-3 (Groundball, 34, EV 76.9 MPH)
Batting: RHB Masaya Nakamura 0-0: Ball
1-0: SINGLE (Groundball, 6M, EV 85.0 MPH) (infield hit)
Batting: LHB Bayesa Mundhir 0-0: Fly out, F9 (Flyball, 89M, EV 91.9 MPH)
Batting: SHB Jerry Burrows 0-0: Ball
1-0: Called Strike
1-1: Called Strike
1-2: Fly out, F9 (Flyball, 9D, EV 96.9 MPH)
Top of the 6th over - 0 runs, 1 hit, 0 errors, 1 left on base; Columbia 1 - Altoona 6
BOTTOM OF THE 6TH
Altoona Curve batting - Pitching for Columbia Fireflies : RHP Mike Mojica
Batting: RHB Tim Moore 0-0: Ball
1-0: Swinging Strike
1-1: Ground out 4-3 (Groundball, 4, EV 83.8 MPH)
Batting: SHB Ronnie Brooks 0-0: Swinging Strike
0-1: Swinging Strike
0-2: Strikes out swinging
Batting: RHB Terrence Wilson 0-0: Ball
1-0: Ball
2-0: Ball
3-0: Called Strike
3-1: Called Strike
3-2: Base on Balls
Batting: RHB Melvin Durland 0-0: Foul Ball, location: 2F
0-1: Ball
1-1: Fly out, F5 (Popup, 56S, EV 83.1 MPH)
Bottom of the 6th over - 0 runs, 0 hits, 0 errors, 1 left on base; Columbia 1 - Altoona 6
TOP OF THE 7TH
Columbia Fireflies batting - Pitching for Altoona Curve : LHP Ben Buerck
Batting: LHB Miguel Ramos 0-0: Called Strike
0-1: Ball
1-1: Ball
2-1: Ball
3-1: Fly out, F7 (Flyball, 7, EV 80.0 MPH)
Batting: RHB Gary Hills 0-0: Ball
1-0: Ball
2-0: Ground out 3-1 (Groundball, 34S, EV 84.4 MPH)
Batting: LHB Dan Bremseth 0-0: Ball
1-0: Ball
2-0: SINGLE (Groundball, 6MS, EV 70.6 MPH) (infield hit)
Batting: RHB David Reyna 0-0: Foul Ball, location: 2F
0-1: Foul Ball, location: 2F
0-2: Ball
1-2: Ground out U3 (Groundball, 3S, EV 73.1 MPH)
Top of the 7th over - 0 runs, 1 hit, 0 errors, 1 left on base; Columbia 1 - Altoona 6
BOTTOM OF THE 7TH
Altoona Curve batting - Pitching for Columbia Fireflies : RHP Mike Mojica
Batting: RHB Alex Arzate 0-0: Foul Ball, location: 2F
0-1: Ball
1-1: Fly out, F2 (Popup, 5SF, EV 82.5 MPH)
Batting: LHB Josh Aerni 0-0: Called Strike
0-1: Fly out, F8 (Flyball, 8RS, EV 91.2 MPH)
Batting: RHB Brandon White 0-0: Ball
1-0: Ball
2-0: Foul Ball, location: 2F
2-1: Ball
3-1: Foul Ball, location: 2F
3-2: Base on Balls
Pitching: LHP Jimmy Rush
Batting: LHB Joe Wise Pickoff Throw to First - Out! 1-3
Bottom of the 7th over - 0 runs, 0 hits, 0 errors, 0 left on base; Columbia 1 - Altoona 6
TOP OF THE 8TH
Columbia Fireflies batting - Pitching for Altoona Curve : LHP Ben Buerck
Batting: SHB Detlef Oursler 0-0: Foul Ball, location: 2F
0-1: Ball
1-1: Ball
2-1: Foul Ball, location: 2F
2-2: Ball
3-2: Base on Balls
Pitching: RHP Jeff Crescimanno
Pinch Hitting: LHB Tony Leyba 0-0: Ball
1-0: Called Strike
1-1: Swinging Strike
1-2: Ball
2-2: Ball
3-2: Strikes out swinging
Detlef Oursler is caught stealing 2nd base 2-6
Batter strikes out.
Batting: RHB Masaya Nakamura 0-0: Swinging Strike
0-1: Fly out, F8 (Flyball, 78S, EV 94.4 MPH)
Top of the 8th over - 0 runs, 0 hits, 0 errors, 0 left on base; Columbia 1 - Altoona 6
BOTTOM OF THE 8TH
Altoona Curve batting - Pitching for Columbia Fireflies : LHP Jimmy Rush
Now in CF: Larry Shoop
Batting: LHB Joe Wise 0-0: Ball
1-0: Swinging Strike
1-1: Ball
2-1: Ground out U3 (Groundball, 23, EV 86.2 MPH)
Batting: RHB Jeff Edwards 0-0: Foul Ball, location: 2F
0-1: Foul Ball, location: 2F
0-2: Ball
1-2: Ground out 5-3 (Groundball, 56, EV 85.0 MPH)
Batting: RHB Tim Moore 0-0: Swinging Strike
0-1: Swinging Strike
0-2: Foul Ball, location: 2F
0-2: Strikes out swinging
Bottom of the 8th over - 0 runs, 0 hits, 0 errors, 0 left on base; Columbia 1 - Altoona 6
TOP OF THE 9TH
Columbia Fireflies batting - Pitching for Altoona Curve : RHP Jeff Crescimanno
Batting: LHB Bayesa Mundhir 0-0: Called Strike
0-1: Ball
1-1: Swinging Strike
1-2: Ball
2-2: Foul Ball, location: 2F
2-2: Reached on error, E5 (Groundball, 56S, EV 90.0 MPH)
Batting: SHB Jerry Burrows 0-0: Called Strike
0-1: Ball
1-1: Swinging Strike
1-2: Foul Ball, location: 2F
1-2: DOUBLE (Line Drive, 89D, EV 107.5 MPH)
Bayesa Mundhir to third
Batting: LHB Miguel Ramos 0-0: Foul Ball, location: 2F
0-1: Called Strike
0-2: Ball
1-2: 3-RUN HOME RUN (Flyball, 7LD, EV 100.0 MPH), Distance : 360 ft
Pitching: RHP Joe Simanton
Now at 1B: Tim Moore
Now at 3B: Chris McCoy
Batting: RHB Gary Hills 0-0: Foul Ball, location: 2F
0-1: Foul Ball, location: 2F
0-2: Strikes out looking
Batting: LHB Dan Bremseth 0-0: Called Strike
0-1: Called Strike
0-2: Foul Ball, location: 2F
0-2: SOLO HOME RUN (Line Drive, 7D, EV 98.1 MPH), Distance : 383 ft
Pinch Hitting: RHB Nate Henderson 0-0: Ball
1-0: Called Strike
1-1: Ground out 4-3 (Groundball, 4, EV 78.1 MPH)
Batting: SHB Detlef Oursler 0-0: Swinging Strike
0-1: Foul Ball, location: 2F
0-2: Ball
1-2: Foul Ball, location: 2F
1-2: Strikes out swinging
Top of the 9th over - 4 runs, 3 hits, 1 error, 0 left on base; Columbia 5 - Altoona 6
Sunday, July 16th , 2023 - OOTP Baseball 24.6 Build 69